 Dungeon Crawl Stone Soup version 0.30-a0-575-g6f4a10e2d2 (webtiles) character file.

Game seed: 3503616495694785640

86 Ijustatesigmund the Trooper (level 4, -8/61 HPs)
             Began as a Hill Orc Fighter on Dec 30, 2022.
             Mangled by a gnoll
             ... wielding a +0 halberd
              (9 damage)
             ... on level 3 of the Dungeon.
             The game lasted 00:02:04 (1718 turns).

Ijustatesigmund the Trooper (Hill Orc Fighter)      Turns: 1718, Time: 00:02:05

Health: -8/61      AC: 22    Str: 20    XL:     4   Next: 50%
Magic:  4/4        EV:  2    Int:  8    God:
Gold:   96         SH: 12    Dex: 10    Spells: 3/3 levels left

rFire   . . .      SeeInvis .    a - +0 war axe
rCold   . . .      Faith    .    c - +0 tower shield
rNeg    . . .      Spirit   .    (body armour currently unavailable)
rPois   +          Reflect  .    (helmet currently unavailable)
rElec   .          Harm     .    (cloak currently unavailable)
rCorr   .          Rampage  .    (gloves currently unavailable)
Will    .....      NoTele   +    (boots currently unavailable)
Stlth   +                        (no amulet)
HPRegen 0.30/turn                (no ring)
MPRegen 0.09/turn                (no ring)

@: mighty, lethally poisoned (-8 -> -14), tree-form, invisible
A: stationary, stasis, torment immunity, boosted hp
a: no special abilities


You were on level 3 of the Dungeon.
You were a tree.
You visited 1 branch of the dungeon, and saw 3 of its levels.

You collected 96 gold pieces.

Inventory:

Hand Weapons
 a - a +0 war axe (weapon)
Armour
 b - a +0 scale mail (melded)
 c - a +0 tower shield (worn)
 i - a +0 cloak (melded)
Scrolls
 e - a scroll of magic mapping {unknown}
 f - 3 scrolls of identify
 g - a scroll of immolation {unknown}
 h - a scroll of enchant weapon {unknown}
 j - a scroll of enchant armour {unknown}
 k - a scroll of poison {unknown}
Potions
 d - a potion of might


   Skills:
 + Level 4.6 Fighting
 + Level 4.2 Axes
 - Level 3.2 Armour
 + Level 4.2 Shields


You had 3 spell levels left.
You didn't know any spells.
Your spell library contained the following spells:

 Spells                   Type           Power      Damage    Failure   Level
 Tukima's Dance           Hex            0%         N/A       100%        3
 Passage of Golubria      Tloc           0%         N/A       100%        4
 Yara's Violent Unravell  Hex/Tmut       0%         3d3       100%        5


Dungeon Overview and Level Annotations

Branches:
Dungeon (3/15)

Altars:


Message History

You feel much better.
You feel sick.
The gnoll hits you from afar with a +0 halberd.
You fade into invisibility!
You feel sick. You block the gnoll's attack.
You feel very mighty all of a sudden.
You feel sick.
The gnoll hits you from afar with a +0 halberd.
You feel sick.
You feel sick. You block the gnoll's attack.
The gnoll hits you with a +0 halberd.
The gnoll hits you from afar with a +0 spear.
You closely miss the gnoll. You barely miss the gnoll.
You feel sick.
You are no longer poisoned.
You block the gnoll's attack. x4
The gnoll hits you from afar with a +0 spear.
The gnoll barely misses you. The gnoll hits you but does no damage.
The gnoll hits you with a +0 halberd.
* * * LOW HITPOINT WARNING * * *
You catch the helpless gnoll completely off-guard!
You slash the gnoll!
The gnoll is heavily wounded.
You closely miss the gnoll. The gnoll hits you but does no damage.
You block the gnoll's attack. x2
The gnoll hits you from afar with a +0 spear.
* * * LOW HITPOINT WARNING * * *
The gnoll completely misses you.
The gnoll hits you with a +2 spear of venom.
* * * LOW HITPOINT WARNING * * *
You are lethally poisoned!
You block the gnoll's attack. The gnoll hits you with a +0 halberd.
* * * LOW HITPOINT WARNING * * *
It was a potion of lignification.
You turn into a tree.
Your +0 cloak melds into your body.
Your +0 scale mail melds into your body.
Your roots penetrate the ground.
* * * LOW HITPOINT WARNING * * *
You feel very sick. The gnoll hits you but does no damage.
You block the gnoll's attack. The gnoll hits you with a +0 halberd!
You die...

##.## #.# ... #.# #.#
##'## #.# ##...## #.#
##.....## ##.# #.......##
##g.#
.........####.g.########.#
.........'.....g♣.........
.........####..g#..#####.#
#.......## ##.##.##
##.....## ####.# ##...##
#.# ##+# #.# #.# #.#


You could see 4 gnolls.

Vanquished Creatures
  2 adders (D:2)
  A worm (D:2)
  2 dart slugs (D:1)
  7 bats
  5 endoplasms (D:1)
  5 giant cockroaches
  3 goblins
  4 hobgoblins
  10 jackals (D:1)
  2 quokkas
  3 ball pythons
  2 frilled lizards (D:2)
  5 kobolds
  3 rats
54 creatures vanquished.

Notes
Turn   | Place    | Note
-------+----------+-------------------------------------------
     0 | D:1      | Ijustatesigmund the Hill Orc Fighter began the quest for
                  | the Orb.
     0 | D:1      | Reached XP level 1. HP: 19/19 MP: 1/1
    62 | D:1      | Reached XP level 2. HP: 21/27 MP: 2/2
   220 | D:1      | Reached XP level 3. HP: 31/33 MP: 3/3
   891 | D:2      | Reached XP level 4. HP: 34/41 MP: 4/4
  1718 | D:3      | HP: 1/61 [poisoned by a gnoll]
  1718 | D:3      | Mangled by a gnoll

Illustrated notes

Levels and vault maps discovered:
D:1:      tarquinn_simple_flora_water_f, layout_loops_ring
D:2:      layout_basic, kennysheep_generic_room_3
D:3:      layout_loops_corners, minmay_overflow_temple_star_quad, zin_treasury,
          chequers_ecumenical_altar_grove

Skill      XL: |  1  2  3  4 |
---------------+-------------+-----
Axes           | 3 4 |  4.2
Fighting       | 4 |  4.6
Shields        | 4 |  4.2
Armour         | |  3.2

Action                   |  1- 3 |  4- 6 || total
-------------------------+-------+-------++-------
Melee: War axe           |    93 |    44 ||   137
  Use: Potion            |       |     4 ||     4
       Scroll            |       |     2 ||     2
 Stab: Invisible         |       |     1 ||     1
Armor: Scale mail        |    62 |    22 ||    84
       Skin              |       |     1 ||     1
Dodge: Dodged            |    22 |    11 ||    33
Block: Tower shield      |    86 |    45 ||   131

Table legend: (Time is in decaauts)
 A = Elapsed time spent in this place.
 B = Non-inter-level travel time spent in this place.
 C = Inter-level travel time spent in this place.
 D = Time resting spent in this place.
 E = Time spent auto-exploring this place.
 F = Levels seen in this place.
 G = Mean time per level.
                   A        B        C        D        E       F      G
               +--------+--------+--------+--------+--------+-----+--------+
         Total |   1815 |   1747 |     68 |      0 |   1347 |   3 |  605.0 |
       Dungeon |   1815 |   1747 |     68 |      0 |   1347 |   3 |  605.0 |
               +--------+--------+--------+--------+--------+-----+--------+

Top non-repeatable levels by time:
     D:1: 848 daAuts
     D:2: 808 daAuts
     D:3: 158 daAuts
